 Dungeon Crawl Stone Soup version 0.24-a0-445-gd5110b030a (webtiles) character file.

Game seed: 14308506535802310379

336 mortelune the Poker (level 6, 0/48 HPs)
             Began as a Merfolk Skald on June 22, 2019.
             Succumbed to a worker ant's poison
             ... on level 4 of the Dungeon.
             The game lasted 00:10:22 (3800 turns).

mortelune the Poker (Merfolk Skald)                 Turns: 3800, Time: 00:10:23

Health: 0/48       AC:  4    Str: 13    XL:     6   Next: 54%
Magic:  2/9        EV: 12    Int: 18    God:
Gold:   163        SH:  0    Dex: 13    Spells: 4/10 levels left

rFire    . . .     SeeInvis .   a - +1 spear
rCold    . . .     Gourm    .   (no shield)
rNeg     . . .     Faith    .   b - +0 leather armour
rPois    .         Spirit   .   (no helmet)
rElec    .         Reflect  .   m - +0 cloak
rCorr    .         Harm     .   (no gloves)
MR       .....                  (no boots)
Stlth    +.........             (no amulet)
HPRegen  0.16/turn              (no ring)
MPRegen  0.11/turn              (no ring)

@: brilliant, lethally poisoned (0 -> -1), infused, singing
A: change form in water, swift swim, stealthy swim
a: no special abilities


You were on level 4 of the Dungeon.
You were not hungry.

You visited 1 branch of the dungeon, and saw 5 of its levels.
You also visited: Sewer.

You collected 163 gold pieces.

Inventory:

Hand Weapons
 a - a +1 spear (weapon)
Armour
 b - a +0 leather armour (worn)
 m - a +0 cloak (worn)
 q - a +0 ring mail
Wands
 s - a wand of paralysis (5)
Scrolls
 c - 3 scrolls of identify {unknown}
 g - 4 scrolls of enchant weapon
 j - 5 scrolls of teleportation
 o - 2 scrolls of remove curse {unknown}
 p - a scroll of magic mapping {unknown}
 r - a scroll of immolation {unknown}
 t - a scroll of blinking {unknown}
 v - 3 scrolls of fog {unknown}
Potions
 e - a potion of mutation {unknown}
 f - 6 potions of flight
 h - a potion of cancellation {unknown}
 i - a potion of lignification {unknown}
 k - a potion of agility {unknown}
 l - a potion of curing {unknown}
 n - 2 potions of brilliance
Comestibles
 d - a ration
 u - 3 chunks of flesh


   Skills:
 * Level 4.2 Fighting
 * Level 5.6 Polearms
 + Level 1.9 Armour
 - Level 2.6 Dodging
 + Level 2.5 Spellcasting
 + Level 4.5 Charms


You had 4 spell levels left.
You knew the following spells:

 Your Spells              Type           Power        Failure   Level  Hunger
a - Infusion              Chrm           ####         1%          1    #......
b - Song of Slaying       Chrm           ####....     1%          2    ##.....
c - Spectral Weapon       Hex/Chrm       ###.....     3%          3    ###....

Your spell library contained the following spells:

 Spells                   Type           Power        Failure   Level  Hunger
 Shroud of Golubria       Chrm/Tloc      ###...       1%          2    ##.....
 Regeneration             Chrm/Necr      ###.......   3%          3    ###....


Dungeon Overview and Level Annotations

Branches:
Dungeon (5/15)
 Temple: D:4-7

Altars:
Vehumet

Annotations:
D:4 Grinder
D:5 Eustachio


Message History

Grinder hits you!
You writhe in agony.
You closely miss Grinder.
You feel sick.
Your spectral weapon hits Grinder but does no damage.
Grinder hits you!
You writhe in agony.
* * * LOW HITPOINT WARNING * * *
You completely miss Grinder.
Your spectral weapon fades away.
Grinder hits you!
* * * LOW HITPOINT WARNING * * *
You writhe in agony.
* * * LOW HITPOINT WARNING * * *
You hit Grinder.
Grinder is lightly wounded.
It was a potion of brilliance.
You feel clever all of a sudden. Grinder barely misses you.
As you read the scroll labeled MAXIBB SOMOPNYM, it crumbles to dust.
It is a scroll of enchant weapon.
Your +0 spear glows red for a moment.
You die...

.≈ .....≈...# #.#.#
#.##.# # .#######.##
#...# #.##.# #.
#.#### ###># #.##.#
#....## #.# #.##.#
#.....# #.#####.##.#
#.....# #.......÷..#
###.....#
#.####..####
#......####[..###..#
#...#...@5...^.....#
#...#..####...###.##
........# #.##.
........... #.
#.........## #.
####...#.## #...#.#
#...#.#


You could see Grinder.

Vanquished Creatures
  A howler monkey (D:5)
  2 worker ants
  2 merfolk sirens (Sewer)
  A merfolk avatar (Sewer)
  3 river rats (Sewer)
  6 adders
  An ooze (D:1)
  5 worms
  A dart slug (D:1)
  5 leopard geckos
  An orc (D:4)
  6 giant cockroaches
  5 hobgoblins
  3 jackals (D:1)
  4 kobolds
  A ball python (Sewer)
  3 bats
  4 frilled lizards (Sewer)
  10 goblins
  24 rats
88 creatures vanquished.

Vanquished Creatures (others)
  2 spectral weapons
2 creatures vanquished.

Grand Total: 90 creatures vanquished

Notes
Turn   | Place    | Note
-------+----------+-------------------------------------------
     0 | D:1      | mortelune the Merfolk Skald began the quest for the Orb.
     0 | D:1      | Reached XP level 1. HP: 16/16 MP: 3/3
   376 | D:1      | Reached XP level 2. HP: 23/23 MP: 5/5
   380 | D:1      | Learned a level 2 spell: Song of Slaying
   390 | D:1      | Reached skill level 1 in Armour
   957 | D:2      | Reached XP level 3. HP: 14/28 MP: 0/6
  1269 | D:2      | Reached skill level 4 in Polearms
  1309 | D:2      | Reached XP level 4. HP: 29/34 MP: 4/7
  1314 | D:2      | Learned a level 3 spell: Spectral Weapon
  2296 | D:3      | You fall into a shaft and drop 2 floors!
  2296 | D:5      | Entered Level 5 of the Dungeon
  2304 | D:5      | Reached XP level 5. HP: 35/41 MP: 4/8
  2305 | D:5      | Noticed Eustachio
  2311 | D:5      | Found a radiant altar of Vehumet.
  2389 | D:4      | Found a glowing drain.
  2389 | D:4      | Noticed Grinder
  2398 | Sewer    | Entered a sewer
  2602 | Sewer    | Reached skill level 5 in Polearms
  2698 | Sewer    | Reached XP level 6. HP: 35/48 MP: 5/9
  3797 | D:4      | HP: 1/48 [Grinder (3)]
  3800 | D:4      | Succumbed to a worker ant's poison

Levels and vault maps discovered:
D:1:      dpeg_arrival_orchard, layout_loops_ring
D:2:      layout_loops_ring
D:3:      layout_loops_cross, first_ration, minmay_pentangle
D:4:      layout_loops_ring, cheibrodos_sewer_entry_sluice,
          minmay_ruined_shrine, uniq_grinder
D:5:      layout_basic, basic_altar, uniq_ijyb, uniq_pikel, uniq_eustachio

Skill      XL: |  1  2  3  4  5  6 |
---------------+-------------------+-----
Armour         | 1 |  1.9
Polearms       | 4 5 |  5.6
Fighting       | 3 4 |  4.2
Charms         | 4 |  4.5
Dodging        | |  2.6
Spellcasting   | |  2.5

Action                   |  1- 3 |  4- 6 || total
-------------------------+-------+-------++-------
Melee: Spear             |   101 |   213 ||   314
       Tailslap          |       |     1 ||     1
 Cast: Infusion          |     5 |     7 ||    12
       Song of Slaying   |     2 |     4 ||     6
       Spectral Weapon   |       |    18 ||    18
  Use: Scroll            |       |     2 ||     2
       Potion            |       |     1 ||     1
 Stab: Distracted        |       |     1 ||     1
  Eat: Chunk             |     2 |     7 ||     9
       Ration            |       |     1 ||     1
Armor: Leather armour    |    16 |    27 ||    43
Dodge: Dodged            |    54 |   120 ||   174

Table legend:
 A = Non-vault XP
 B = Vault XP
 C = Vault XP percentage of total XP
 D = Non-vault monster count
 E = Vault monster count
 F = Vault count percentage of total count
                 A         B        C        D         E       F
            +---------+---------+-------+---------+---------+-------
      Total |     265 |     215 |  44.8 |      44 |      44 |  50.0
            +---------+---------+-------+---------+---------+-------
        D:1 |      26 |       0 |   0.0 |      12 |       0 |   0.0
        D:2 |     130 |       0 |   0.0 |      24 |       0 |   0.0
        D:3 |       5 |       0 |   0.0 |       3 |       0 |   0.0
        D:4 |      50 |      15 |  23.1 |       4 |       3 |  42.9
        D:5 |      54 |       0 |   0.0 |       1 |       0 |   0.0
      Sewer |       0 |     200 | 100.0 |       0 |      41 | 100.0
            +---------+---------+-------+---------+---------+-------
